[Event "January 2 Late 2024"]
[Site "https://www.chess.com"]
[Date "2024.01.02"]
[Round "3"]
[White "Dobre, Claudiu-Cristian"]
[Black "Tari, Aryan"]
[Result "0-1"]
[Board "75"]
[TimeControl "180+1"]
[WhiteFideId "1211854"]
[BlackFideId "1510045"]
[WhiteElo "2503"]
[BlackElo "2906"]
[WhiteTeam "ROU"]
[BlackTeam "NOR"]
[WhiteClock "0:00:00"]
[BlackClock "0:00:05"]

1. d4 Nf6 2. Nf3 g6 3. c4 Bg7 4. Nc3 d5 5. Bf4 O-O 6. Rc1 dxc4 7. e3 c5 8. dxc5 Qxd1+ 9. Rxd1 Na6 10. c6 bxc6 11. Bxc4 Nb4 12. Ne5 Bb7 13. O-O Nbd5 14. Na4 Ne4 15. Nd7 Rfd8 16. Ndc5 Nxc5 17. Nxc5 Nxf4 18. exf4 Rdb8 19. b3 Bf8 20. Rd7 Bc8 21. Rc7 Bf5 22. Rxc6 Rc8 23. Rxc8 Rxc8 24. Na4 Rd8 25. Nc3 Bg7 26. Rd1 Rc8 27. Nd5 Bf8 28. Ne3 Be4 29. f3 Bc6 30. Kf2 e6 31. Ke2 Kg7 32. h4 a5 33. a4 Bc5 34. Ng4 Be8 35. Ne5 Bb4 36. Rc1 Rb8 37. Rc2 Ba3 0-1

[Event "January 2 Late 2024"]
[Site "https://www.chess.com"]
[Date "2024.01.02"]
[Round "3"]
[White "Tao, Sihan"]
[Black "Remizov, Yaroslav"]
[Result "1/2-1/2"]
[Board "76"]
[TimeControl "180+1"]
[WhiteFideId "30982677"]
[BlackFideId "34134015"]
[WhiteElo "2500"]
[BlackElo "2842"]
[WhiteTeam "USA"]
[BlackTeam "RUS"]
[WhiteClock "0:00:21"]
[BlackClock "0:00:03"]

1. e4 c6 2. Nf3 d5 3. Nc3 dxe4 4. Nxe4 Nf6 5. Qe2 Nxe4 6. Qxe4 Qd5 7. Qf4 Qf5 8. Qe3 Qe6 9. d4 g6 10. Ng5 Qxe3+ 11. Bxe3 Bg7 12. Bc4 O-O 13. O-O-O Nd7 14. Rhe1 Nb6 15. Bb3 Nd5 16. Nf3 Nxe3 17. fxe3 a5 18. a3 b5 19. Ne5 Ra6 20. Rf1 Bxe5 21. dxe5 c5 22. Rxf7 Rxf7 23. Rd8+ Kg7 24. Bxf7 Bb7 25. Bd5 Bxd5 26. Rxd5 Rc6 27. b4 axb4 28. axb4 cxb4 29. Rxb5 Rc4 30. Kd2 Kf7 31. Rd5 Ke6 32. Rd4 Rc5 33. Rxb4 Rxe5 34. Kd3 Rh5 35. h3 Rg5 36. Rg4 Rd5+ 37. Rd4 Rg5 38. Rg4 Rd5+ 39. Ke2 Ra5 40. c4 Ra2+ 41. Kf3 Rc2 42. Re4+ Kf6 43. g3 e5 44. h4 h5 45. g4 Ke6 46. Kg3 Kf6 47. Kf3 Rc1 48. Ke2 Rh1 49. Kd2 Ke6 50. Kd3 Rxh4 51. gxh5 Rxh5 52. Rg4 Kf5 53. Rg2 g5 54. c5 Rh8 55. c6 Rc8 56. Rc2 g4 57. c7 g3 58. Ke2 Kg4 59. Rc6 Kh3 60. Kf3 e4+ 61. Kxe4 g2 62. Kd5 g1=Q 63. Rh6+ Kg3 64. Rg6+ Kf2 65. Rxg1 Rxc7 66. Rg6 Kxe3 67. Rc6 Rxc6 68. Kxc6 1/2-1/2

[Event "January 2 Late 2024"]
[Site "https://www.chess.com"]
[Date "2024.01.02"]
[Round "3"]
[White "Maksimovic, Bojan"]
[Black "Play, Gilles"]
[Result "1-0"]
[Board "77"]
[TimeControl "180+1"]
[WhiteFideId "14408120"]
[BlackFideId "45130892"]
[WhiteElo "2842"]
[BlackElo "2498"]
[WhiteTeam "BIH"]
[BlackTeam "FRA"]
[WhiteClock "0:00:04"]
[BlackClock "0:00:05"]

1. e4 d5 2. exd5 Nf6 3. d4 Bg4 4. Nf3 Qxd5 5. Nc3 Qa5 6. h3 Bh5 7. g4 Bg6 8. Ne5 Be4 9. f3 Bd5 10. Bd2 Qb6 11. Nxd5 Nxd5 12. c3 Nc6 13. Qa4 Qxb2 14. Nxc6 Qxa1+ 15. Kf2 Nb6 16. Qb5 a6 17. Qb3 bxc6 18. Bg2 Qxh1 19. Bxh1 Rd8 20. f4 Rd6 21. f5 e5 22. Be3 exd4 23. Bf4 dxc3 24. Qxc3 Be7 25. Bxc6+ Kf8 26. Bxd6 Bxd6 27. Qe3 Be7 28. g5 h6 29. g6 fxg6 30. fxg6 Nc8 31. Qe6 Nd6 32. a4 h5 33. Kf3 h4 34. Kg4 Rh6 35. a5 Rh8 36. Bd5 Ke8 37. Bc6+ Kf8 38. Ba4 Rh6 39. Bc2 Rh8 40. Bd3 Ke8 41. Bxa6 Kd8 42. Bd3 Ne8 43. Bf5 Nf6+ 44. Kf3 Rf8 45. Qc8# 1-0

[Event "January 2 Late 2024"]
[Site "https://www.chess.com"]
[Date "2024.01.02"]
[Round "3"]
[White "Bachmann, Axel"]
[Black "Hernando Rodrigo, Julio Antonio"]
[Result "1-0"]
[Board "78"]
[TimeControl "180+1"]
[WhiteFideId "3700488"]
[BlackFideId "2208350"]
[WhiteElo "2817"]
[BlackElo "2497"]
[WhiteTeam "PAR"]
[BlackTeam "ESP"]
[WhiteClock "0:01:30"]
[BlackClock "0:00:25"]

1. Nf3 Nf6 2. c4 g6 3. b3 Bg7 4. Bb2 O-O 5. g3 d6 6. d4 e5 7. dxe5 Ng4 8. Bg2 Nc6 9. Nc3 dxe5 10. h3 Nf6 11. O-O Bd7 12. Nd5 Re8 13. Nd2 Qc8 14. Kh2 Nd4 15. e3 Nf5 16. Nxf6+ Bxf6 17. Ne4 Bg7 18. Nc5 Bc6 19. Bxc6 bxc6 20. Qg4 e4 21. Bxg7 Nxg7 22. Nxe4 f5 23. Nf6+ Kf7 24. Qh4 Rh8 25. Rad1 1-0

[Event "January 2 Late 2024"]
[Site "https://www.chess.com"]
[Date "2024.01.02"]
[Round "3"]
[White "Garcia Almaguer, Juan Manuel"]
[Black "Chirilov, James A"]
[Result "0-1"]
[Board "79"]
[TimeControl "180+1"]
[WhiteFideId "5110491"]
[BlackFideId "30976677"]
[WhiteElo "2494"]
[BlackElo "2797"]
[WhiteTeam "MEX"]
[BlackTeam "USA"]
[WhiteClock "0:00:09"]
[BlackClock "0:00:16"]

1. e4 c5 2. Nf3 d6 3. d4 cxd4 4. Nxd4 Nf6 5. Nc3 Nc6 6. Bc4 e6 7. Nxc6 bxc6 8. O-O Be7 9. e5 dxe5 10. Qe2 Qc7 11. Re1 Nd7 12. Qg4 g6 13. Bh6 Rg8 14. Rad1 Nb6 15. Bb3 Bd7 16. Qg3 f6 17. Qh3 Nd5 18. Ne4 O-O-O 19. c4 Nb6 20. a4 f5 21. a5 fxe4 22. axb6 Qxb6 23. Rxd7 Rxd7 24. c5 Qb4 25. Rf1 Rgd8 26. Bxe6 Kc7 27. Bxd7 Rxd7 28. Bg7 Qxc5 29. Qe6 Bd6 30. Bf6 Qd5 31. Qe8 Qf7 32. Qh8 Qf8 33. Bxe5 Qxh8 34. Bxh8 Bc5 35. g3 Rd2 36. Bf6 Kb6 37. h4 a5 38. Kg2 h5 39. Bc3 Rc2 40. Kh3 Kb5 41. f3 e3 42. Re1 Kc4 43. g4 Kd3 44. gxh5 gxh5 45. Kg3 Bd6+ 46. f4 e2 47. Kf3 a4 48. f5 a3 49. f6 axb2 50. Bxb2 Rxb2 51. f7 Rb8 52. Rxe2 Rf8 53. Ra2 Rxf7+ 54. Kg2 Rg7+ 55. Kh1 Rg4 56. Ra3+ Kc4 57. Rh3 Rd4 58. Kg2 Rd2+ 59. Kf1 Rd3 60. Rh2 Rd1+ 61. Ke2 Rd2+ 62. Kxd2 Bxh2 63. Ke3 Bg3 64. Kf3 Bxh4 65. Kf4 Kd3 0-1

[Event "January 2 Late 2024"]
[Site "https://www.chess.com"]
[Date "2024.01.02"]
[Round "3"]
[White "Goltsev, Dmitry"]
[Black "Fiedorek, Michal"]
[Result "1-0"]
[Board "80"]
[TimeControl "180+1"]
[WhiteFideId "24176710"]
[BlackFideId "1199528"]
[WhiteElo "2772"]
[BlackElo "2492"]
[WhiteTeam "RUS"]
[BlackTeam "POL"]
[WhiteClock "0:00:57"]
[BlackClock "0:00:00"]

1. e4 c5 2. Nf3 d6 3. d4 cxd4 4. Nxd4 Nf6 5. Nc3 Nc6 6. Be2 e5 7. Nb3 Be7 8. O-O O-O 9. Be3 a5 10. a4 Nb4 11. f4 Qc7 12. Bf3 b6 13. Qd2 Bb7 14. Rfd1 Rfd8 15. h3 d5 16. exd5 Nfxd5 17. Nxd5 Nxd5 18. Bxd5 Bxd5 19. Qf2 Be4 20. Bxb6 Rxd1+ 21. Rxd1 Qxc2 22. Qxc2 Bxc2 23. Rd7 Bxb3 24. Rxe7 exf4 25. Bxa5 Bxa4 26. Bc3 Bc6 27. Kf2 Re8 28. Rc7 Be4 29. h4 h5 30. b4 Ra8 31. b5 Ra2+ 32. Ke1 Rxg2 33. b6 f3 34. Bd4 Re2+ 35. Kd1 Rh2 36. b7 Bxb7 37. Rxb7 Rxh4 38. Bf2 Rg4 39. Rb3 Rf4 40. Ke1 g5 41. Be3 Rf5 42. Kf2 g4 43. Kg3 Kg7 44. Rb1 Kg6 45. Rb6+ f6 46. Bf2 Re5 47. Bd4 Rf5 48. Rb1 Rd5 49. Ba1 Rf5 50. Bd4 f2 51. Bxf2 h4+ 52. Kg2 h3+ 53. Kg1 Rf3 54. Rb4 f5 55. Rb6+ Kg5 56. Bc5 g3 57. Be7+ Kg4 58. Rg6+ Kh5 59. Rg8 Re3 60. Bb4 g2 61. Kh2 Rf3 62. Bc5 Re3 63. Bxe3 1-0

[Event "January 2 Late 2024"]
[Site "https://www.chess.com"]
[Date "2024.01.02"]
[Round "3"]
[White "Gaal, Zsoka"]
[Black "Wieczorek, Oskar"]
[Result "1-0"]
[Board "81"]
[TimeControl "180+1"]
[WhiteFideId "777765"]
[BlackFideId "1133950"]
[WhiteElo "2491"]
[BlackElo "2757"]
[WhiteTeam "HUN"]
[BlackTeam "POL"]
[WhiteClock "0:00:07"]
[BlackClock "0:00:00"]

1. e4 c5 2. Nf3 e6 3. g3 Nc6 4. d3 Nf6 5. Bg2 d5 6. Nbd2 g6 7. O-O Bg7 8. a3 O-O 9. Rb1 b6 10. Re1 dxe4 11. dxe4 Bb7 12. b4 Qc7 13. bxc5 bxc5 14. Nc4 Rfd8 15. Qe2 Ba6 16. Bf4 Qc8 17. Bf1 Na5 18. Nfe5 Rd4 19. Nxa5 Bxe2 20. Nec6 Rd7 21. Bxe2 Nxe4 22. Bf3 Nc3 23. Nb8 Nxb1 24. Rxb1 Rd5 25. c4 Be5 26. Bxe5 Rxe5 27. Bxa8 Qc7 28. Bf3 Qxa5 29. Nc6 Re1+ 30. Kg2 Qd2 31. Rb8+ Kg7 32. Ne7 Qc1 33. Rg8+ Kf6 34. Nc6 Rg1+ 35. Kh3 Qh6+ 36. Kg4 Qh5+ 37. Kf4 Qg5+ 38. Ke4 Re1+ 39. Kd3 1-0

[Event "January 2 Late 2024"]
[Site "https://www.chess.com"]
[Date "2024.01.02"]
[Round "3"]
[White "Gutierrez Olivares, Daniel"]
[Black "Novozhilov, Semen"]
[Result "0-1"]
[Board "82"]
[TimeControl "180+1"]
[WhiteFideId "2264005"]
[BlackFideId "24289167"]
[WhiteElo "2491"]
[BlackElo "2739"]
[WhiteTeam "ESP"]
[BlackTeam "RUS"]
[WhiteClock "0:00:37"]
[BlackClock "0:02:03"]

1. Nf3 Nf6 2. g3 d5 3. c4 c6 4. Bg2 Bg4 5. b3 Nbd7 6. Bb2 Qc7 7. O-O e5 8. cxd5 cxd5 9. Nc3 a6 10. Rc1 Qd6 11. d3 Be7 12. h3 Be6 13. Ng5 O-O 14. Nxe6 fxe6 15. e3 b5 16. Ne2 Rac8 17. g4 Qb6 18. Ng3 h6 19. Qd2 a5 20. a3 g5 21. Kh1 b4 22. a4 Nc5 23. Qd1 Qa6 24. Rxc5 Bxc5 25. Bxe5 Bd6 26. Ba1 Bxg3 27. fxg3 Nd7 28. Qd2 Qd6 29. Qb2 Rxf1+ 30. Bxf1 Rc3 31. Qd2 Rc8 32. Qb2 d4 33. exd4 Qxg3 34. d5 e5 35. d4 Qf3+ 36. Bg2 Qc3 37. Qb1 Qc1+ 0-1

[Event "January 2 Late 2024"]
[Site "https://www.chess.com"]
[Date "2024.01.02"]
[Round "3"]
[White "Msellek, Ilyass"]
[Black "Suvorov, Luca"]
[Result "1-0"]
[Board "83"]
[TimeControl "180+1"]
[WhiteFideId "675938"]
[BlackFideId "12977071"]
[WhiteElo "2732"]
[BlackElo "2491"]
[WhiteTeam "MAR"]
[BlackTeam "GER"]
[WhiteClock "0:02:00"]
[BlackClock "0:00:18"]

1. d4 Nf6 2. c4 e6 3. Nc3 Bb4 4. e3 c5 5. Bd3 Nc6 6. a3 Bxc3+ 7. bxc3 b6 8. Ne2 O-O 9. e4 e5 10. Bg5 h6 11. Bh4 d6 12. O-O g5 13. Bg3 Nh5 14. h3 Qf6 15. d5 Na5 16. Bh2 Ba6 17. Ng3 Nf4 18. Nf5 Nxd3 19. Qxd3 Bxc4 20. Qf3 Bxf1 21. Rxf1 Rad8 22. Qh5 Kh7 23. h4 Qg6 24. Qg4 gxh4 25. Qxh4 Qg5 26. Qh3 Rg8 27. f4 Qg4 28. Qxh6# 1-0

[Event "January 2 Late 2024"]
[Site "https://www.chess.com"]
[Date "2024.01.02"]
[Round "3"]
[White "Alimpic, Aleksa"]
[Black "Koellner, Ruben Gideon"]
[Result "0-1"]
[Board "84"]
[TimeControl "180+1"]
[WhiteFideId "974323"]
[BlackFideId "12993093"]
[WhiteElo "2490"]
[BlackElo "2719"]
[WhiteTeam "SRB"]
[BlackTeam "GER"]
[WhiteClock "0:00:04"]
[BlackClock "0:00:05"]

1. d4 d5 2. c4 e6 3. Nc3 Nf6 4. Bg5 Be7 5. e3 h6 6. Bxf6 Bxf6 7. Rc1 c6 8. Nf3 O-O 9. Qc2 Re8 10. Be2 Nd7 11. O-O dxc4 12. Bxc4 e5 13. Rfd1 exd4 14. exd4 Nb6 15. Bb3 Bg4 16. Qd3 Qc7 17. h3 Bh5 18. d5 Rad8 19. d6 Qb8 20. g4 Qc8 21. Nh2 Be5 22. gxh5 Rxd6 23. Qf3 Rf6 24. Qg4 Qc7 25. Nf3 Rf4 26. Qg2 Bf6 27. Re1 Rd8 28. Ne2 Rf5 29. Ng3 Rf4 30. Rcd1 Nd5 31. Bxd5 cxd5 32. Ne2 Rf5 33. Ned4 Rxh5 34. Qg4 g6 35. Re2 Kg7 36. Kh1 Qc4 37. Rde1 Rd6 38. b3 Qc5 39. Re8 Rb6 40. Rc8 Qd6 41. Ree8 Rb4 42. Rg8+ Kh7 43. Rgf8 Qe7 44. Rce8 Qc7 45. Qc8 Qxc8 46. Rxc8 Kg7 47. Ne2 Re4 48. Ng3 Rxh3+ 49. Kg2 Rxg3+ 50. fxg3 Re7 51. Rfe8 Rd7 52. Rb8 d4 53. Nd2 d3 54. Kf1 Bg5 55. Ke1 Rc7 56. Kd1 Rc2 57. Nc4 Rc1# 0-1

[Event "January 2 Late 2024"]
[Site "https://www.chess.com"]
[Date "2024.01.02"]
[Round "3"]
[White "Schnaider, Ilan"]
[Black "Kotyk, Michael"]
[Result "1-0"]
[Board "85"]
[TimeControl "180+1"]
[WhiteFideId "169013"]
[BlackFideId "16214501"]
[WhiteElo "2714"]
[BlackElo "2486"]
[WhiteTeam "ARG"]
[BlackTeam "GER"]
[WhiteClock "0:02:22"]
[BlackClock "0:02:20"]

1. e4 e5 2. Nf3 Nc6 3. d4 exd4 4. Nxd4 Nf6 5. Nxc6 bxc6 6. Bd3 d5 7. exd5 cxd5 8. O-O Be6 9. Re1 Bd6 10. Bb5+ Kf8 11. h3 Rb8 12. Bd3 c5 13. b3 c4 14. bxc4 dxc4 15. Bf1 Bb4 16. Bd2 Bxd2 17. Nxd2 c3 18. Nb3 Qxd1 19. Raxd1 Ke7 20. Nd4 Rhd8 21. Nc6+ Kf8 22. Rxd8+ 1-0

[Event "January 2 Late 2024"]
[Site "https://www.chess.com"]
[Date "2024.01.02"]
[Round "3"]
[White "Salazar Farias, Luis German"]
[Black "Blanco Ronquillo, Humberto L."]
[Result "1-0"]
[Board "86"]
[TimeControl "180+1"]
[WhiteFideId "3902170"]
[BlackFideId "3504239"]
[WhiteElo "2485"]
[BlackElo "2714"]
[WhiteTeam "VEN"]
[BlackTeam "CUB"]
[WhiteClock "0:00:04"]
[BlackClock "0:00:02"]

1. d4 d5 2. c4 e6 3. Nf3 Nf6 4. g3 dxc4 5. Bg2 c5 6. O-O Nc6 7. dxc5 Qxd1 8. Rxd1 Bxc5 9. Nbd2 c3 10. bxc3 O-O 11. Nb3 Be7 12. Nfd4 Nxd4 13. cxd4 Nd5 14. Bd2 f5 15. Na5 b6 16. Nc6 Bd6 17. Nb4 Bb7 18. Nxd5 exd5 19. a4 Rac8 20. a5 b5 21. a6 Ba8 22. Rab1 Rb8 23. Bb4 Rfd8 24. Rdc1 Kf7 25. Bxd6 Rxd6 26. Rc7+ Kf6 27. Rxa7 b4 28. Rb3 Rc6 29. e3 Rc1+ 30. Bf1 Ra1 31. Kg2 Ra3 32. Rb1 b3 33. Rc7 b2 34. a7 Rb6 35. Be2 Ra1 36. Bd3 Rxb1 37. Bxb1 Ra6 38. Rc2 Rxa7 39. Rxb2 g6 40. Rb6+ Ke7 41. Bd3 Bb7 42. Be2 Bc8 43. h4 Be6 44. Bf3 h6 45. Rb5 Kd6 46. Rb8 Ke7 47. Rh8 h5 48. Rh7+ 1-0

[Event "January 2 Late 2024"]
[Site "https://www.chess.com"]
[Date "2024.01.02"]
[Round "3"]
[White "Peczely, Sebastian Zsombor"]
[Black "Do Valle Cardoso, Lucas"]
[Result "0-1"]
[Board "87"]
[TimeControl "180+1"]
[WhiteFideId "750964"]
[BlackFideId "2163144"]
[WhiteElo "2484"]
[BlackElo "2692"]
[WhiteTeam "HUN"]
[BlackTeam "BRA"]
[WhiteClock "0:01:44"]
[BlackClock "0:02:09"]

1. e4 e5 2. Nf3 Nc6 3. d4 exd4 4. Nxd4 Nf6 5. Nxc6 bxc6 6. e5 Qe7 7. Qe2 Nd5 8. c4 Ba6 9. b3 Qh4 10. Qc2 Bb4+ 11. Nd2 Qd4 12. Bb2 Nc3 13. f4 Qe3+ 0-1

[Event "January 2 Late 2024"]
[Site "https://www.chess.com"]
[Date "2024.01.02"]
[Round "3"]
[White "Han, Yichen"]
[Black "Sreyas Payyappat"]
[Result "1-0"]
[Board "88"]
[TimeControl "180+1"]
[WhiteFideId "1054430"]
[BlackFideId "46674969"]
[WhiteElo "2691"]
[BlackElo "2483"]
[WhiteTeam "NED"]
[BlackTeam "IND"]
[WhiteClock "0:00:53"]
[BlackClock "0:00:17"]

1. d4 Nf6 2. Nf3 c5 3. d5 e6 4. Nc3 exd5 5. Nxd5 Nxd5 6. Qxd5 d6 7. Ng5 Qc7 8. e4 h6 9. Bb5+ Nc6 10. Nxf7 Qa5+ 11. Bd2 Qxb5 12. Nxh8 Nd4 13. Qf7+ Kd8 14. Qxf8+ Kc7 15. O-O-O Be6 16. Qe7+ Kc6 17. Nf7 Qc4 18. Qxd6+ Kb5 19. Bc3 Ne2+ 20. Kd2 Bxf7 21. a4+ Qxa4 22. Qd7+ Kb6 23. Qxa4 1-0

[Event "January 2 Late 2024"]
[Site "https://www.chess.com"]
[Date "2024.01.02"]
[Round "3"]
[White "Marn, Jan"]
[Black "Zhu, Jiner"]
[Result "0-1"]
[Board "89"]
[TimeControl "180+1"]
[WhiteFideId "14619245"]
[BlackFideId "8608059"]
[WhiteElo "2483"]
[BlackElo "2681"]
[WhiteTeam "SLO"]
[BlackTeam "CHN"]
[WhiteClock "0:00:07"]
[BlackClock "0:01:21"]

1. Nc3 Nf6 2. e4 e5 3. f4 d5 4. fxe5 Nxe4 5. Qf3 Nxc3 6. bxc3 Be7 7. d4 c5 8. Ne2 Nc6 9. Be3 Be6 10. Ng3 Qa5 11. Bd2 Qa4 12. Nf5 Bxf5 13. Qxf5 cxd4 14. Bd3 dxc3 15. Bxc3 d4 16. Bd2 Bb4 17. O-O Bxd2 18. Qxf7+ Kd8 19. Qxb7 Rb8 20. Qxg7 Re8 21. Qxh7 Nxe5 22. Rab1 Rxb1 23. Rxb1 Bb4 24. Qh4+ Be7 25. Qe4 Bd6 26. Bb5 Qxa2 27. Qa8+ Kc7 28. Qxe8 Qxb1+ 29. Bf1 d3 30. h4 dxc2 0-1

[Event "January 2 Late 2024"]
[Site "https://www.chess.com"]
[Date "2024.01.02"]
[Round "3"]
[White "Slade, Theodore"]
[Black "Schmakel, Sam"]
[Result "0-1"]
[Board "90"]
[TimeControl "180+1"]
[WhiteFideId "426547"]
[BlackFideId "2039311"]
[WhiteElo "2470"]
[BlackElo "2674"]
[WhiteTeam "ENG"]
[BlackTeam "USA"]
[WhiteClock "0:00:01"]
[BlackClock "0:00:21"]

1. d4 d5 2. c4 e6 3. Nf3 c6 4. e3 f5 5. Bd3 Nf6 6. O-O Bd6 7. Qc2 O-O 8. cxd5 cxd5 9. Nc3 Nc6 10. a3 Ne4 11. b4 Bd7 12. Bb2 Be8 13. Ne2 Rc8 14. Qd1 Bh5 15. Ne5 Bxe2 16. Qxe2 Nxe5 17. dxe5 Bb8 18. Rac1 Qd7 19. Bb5 Qe7 20. Bd4 Rfd8 21. Rc2 Rc7 22. Rfc1 Rdc8 23. Rxc7 Rxc7 24. Rc2 a6 25. Bd3 b5 26. Qd1 Qd7 27. Qc1 Qc8 28. Rxc7 Qxc7 29. Qxc7 Bxc7 30. Bxe4 dxe4 31. f3 Kf7 32. Kf2 exf3 33. gxf3 Ke7 34. Ke2 Kd7 35. Kd3 Kc6 36. f4 Kd5 37. Bc5 Bd8 38. Bf8 g6 39. Bc5 Bh4 40. h3 Be1 41. Bd4 Bf2 42. Bc5 Bg1 43. Bd4 Bh2 44. Bc5 Bg3 45. Be7 Bf2 46. Bd8 Bg1 47. Be7 Bh2 48. Bd8 h6 49. Be7 g5 50. fxg5 hxg5 51. Bxg5 Bxe5 52. h4 Bh8 53. h5 e5 54. h6 e4+ 55. Kc2 Ke6 56. Kd2 Kf7 57. Ke2 Kg6 58. Bf4 Bf6 59. Kf2 Bb2 60. Kg3 Bxa3 61. Bd6 Kxh6 62. Kf4 Kg6 63. Ke5 Bc1 64. Kd5 Bxe3 65. Kc6 f4 66. Kb7 f3 67. Bg3 f2 68. Bxf2 Bxf2 69. Kxa6 e3 70. Kxb5 e2 71. Ka6 e1=Q 72. b5 Qe6+ 0-1

[Event "January 2 Late 2024"]
[Site "https://www.chess.com"]
[Date "2024.01.02"]
[Round "3"]
[White "Fantinel, Thibault"]
[Black "Petre, Nad-Titus"]
[Result "0-1"]
[Board "91"]
[TimeControl "180+1"]
[WhiteFideId "663395"]
[BlackFideId "1204165"]
[WhiteElo "2674"]
[BlackElo "2467"]
[WhiteTeam "FRA"]
[BlackTeam "ROU"]
[WhiteClock "0:00:03"]
[BlackClock "0:01:05"]

1. e4 e5 2. Nf3 Nc6 3. Bc4 Nf6 4. d3 h6 5. O-O g6 6. Re1 Bg7 7. c3 O-O 8. b4 a6 9. Nbd2 d5 10. Bb3 Be6 11. a3 Qd7 12. Qc2 Rad8 13. Nf1 Bg4 14. N3d2 d4 15. c4 Nh5 16. c5 Be6 17. Nc4 f5 18. Ng3 Nxg3 19. hxg3 f4 20. gxf4 exf4 21. f3 Kh8 22. Bd2 Rde8 23. Kf2 Qd8 24. Rh1 Qg5 25. Rag1 Qg3+ 26. Kf1 h5 27. Be1 Qg5 28. Bh4 Qh6 29. Nd2 Bxb3 30. Qxb3 Be5 31. a4 g5 32. Bf2 Kg7 33. b5 axb5 34. axb5 Nd8 35. Nc4 Bf6 36. e5 Be7 37. Bxd4 Ne6 38. Bf2 Bxc5 39. Nd2 Bxf2 40. Kxf2 Nd4 41. Qc4 Qb6 42. Kf1 Nf5 43. Qe4 Ng3+ 0-1

[Event "January 2 Late 2024"]
[Site "https://www.chess.com"]
[Date "2024.01.02"]
[Round "3"]
[White "Delorme, Axel"]
[Black "Haydon, David L"]
[Result "1-0"]
[Board "92"]
[TimeControl "180+1"]
[WhiteFideId "632023"]
[BlackFideId "415405"]
[WhiteElo "2467"]
[BlackElo "2672"]
[WhiteTeam "FRA"]
[BlackTeam "ENG"]
[WhiteClock "0:00:07"]
[BlackClock "0:00:08"]

1. e4 c6 2. d4 d5 3. Nc3 dxe4 4. Nxe4 Bf5 5. Ng3 Bg6 6. h4 h6 7. Nf3 Nd7 8. h5 Bh7 9. Bd3 Bxd3 10. Qxd3 e6 11. Bd2 Ngf6 12. O-O-O Bd6 13. Ne4 Nxe4 14. Qxe4 Nf6 15. Qe2 Qc7 16. Ne5 O-O-O 17. c4 c5 18. Bc3 cxd4 19. Bxd4 Kb8 20. Kb1 Rhe8 21. g4 Ka8 22. f3 Rc8 23. Rc1 Re7 24. c5 Bxe5 25. Bxe5 Qc6 26. Bxf6 gxf6 27. Qe3 e5 28. Rhd1 Re6 29. Rc3 e4 30. Rd6 Qb5 31. Rxe6 fxe6 32. Qxe4 e5 33. Qd3 Qa4 34. b3 Qa5 35. Qd7 Rd8 36. c6 bxc6 37. Qxc6+ Kb8 38. Rc1 Qd5 39. Qxd5 Rxd5 40. Rc6 e4 41. fxe4 Rg5 42. Rxf6 Rxg4 43. Rxh6 Rxe4 44. Rh7 Rh4 45. Kb2 Rxh5 46. Rxh5 1-0

[Event "January 2 Late 2024"]
[Site "https://www.chess.com"]
[Date "2024.01.02"]
[Round "3"]
[White "Sevgi, Volkan"]
[Black "Flynn, Jacob"]
[Result "1-0"]
[Board "93"]
[TimeControl "180+1"]
[WhiteFideId "6325335"]
[BlackFideId "2509393"]
[WhiteElo "2668"]
[BlackElo "2466"]
[WhiteTeam "TUR"]
[BlackTeam "IRL"]
[WhiteClock "0:00:36"]
[BlackClock "0:01:38"]

1. e4 e5 2. Nc3 Nf6 3. f4 d5 4. fxe5 Nxe4 5. Qf3 f5 6. d3 Nxc3 7. bxc3 d4 8. Ne2 Nc6 9. Qf4 Bc5 10. Bb2 g5 11. Qf3 dxc3 12. Qh5+ Kf8 13. Bxc3 Be6 14. h4 Nd4 15. Bxd4 Bxd4 16. Qh6+ Kf7 17. Nxd4 Qxd4 18. Qf6+ Kg8 19. Qxe6+ Kg7 20. Qf6+ Kg8 21. Qxg5+ Kf7 22. Qxf5+ Kg7 23. Qf6+ Kg8 24. Rh3 Qxa1+ 25. Kd2 1-0

[Event "January 2 Late 2024"]
[Site "https://www.chess.com"]
[Date "2024.01.02"]
[Round "3"]
[White "Palomo, Franklin Annervys"]
[Black "Bochnicka, Vladimir"]
[Result "0-1"]
[Board "94"]
[TimeControl "180+1"]
[WhiteFideId "3906965"]
[BlackFideId "14943450"]
[WhiteElo "2667"]
[BlackElo "2465"]
[WhiteTeam "VEN"]
[BlackTeam "SVK"]
[WhiteClock "0:00:12"]
[BlackClock "0:00:06"]

1. Nf3 c5 2. g3 Nc6 3. Bg2 d6 4. O-O g6 5. d4 Bg7 6. c3 Bd7 7. Na3 Nf6 8. dxc5 dxc5 9. h3 O-O 10. Be3 b6 11. Bf4 Rc8 12. Nc4 Be6 13. Qa4 Qd7 14. Rfd1 Nd4 15. Qxd7 Nxe2+ 16. Kf1 Nxd7 17. Kxe2 Bxc4+ 18. Ke1 Rfd8 19. Nd2 Ba6 20. Ne4 Ne5 21. Bxe5 Bxe5 22. f4 Bg7 23. Kf2 Bd3 24. Ke3 Bc2 25. Rxd8+ Rxd8 26. Nf2 e5 27. Be4 exf4+ 28. gxf4 Bxe4 29. Nxe4 f5 30. Nf2 Kf7 31. a4 h6 32. Nd3 g5 33. Rf1 Kg6 34. Rg1 Bf6 35. Nf2 Kf7 36. Nd3 a5 37. Nf2 Be7 38. Rd1 Rxd1 39. Nxd1 Bd6 40. fxg5 hxg5 41. Kf3 Kg6 42. Ne3 Bc7 43. Nd5 Bd8 44. Ne3 Kf6 45. Nc4 Ke6 46. Ne3 f4 47. Nc4 Kd5 48. b3 Ke6 49. Ke4 Kf6 50. Nd2 Kg6 51. Nf3 Kh5 52. Kf5 Be7 53. c4 Bd8 54. Ke6 g4 55. hxg4+ Kxg4 56. Ne5+ Kg3 57. Kd7 Bf6 58. Nf7 f3 59. Nd6 Kf4 60. Ke6 f2 61. Kxf6 f1=Q 62. Ke6 Qe2+ 63. Kd5 Qb2 64. Nc8 Qxb3 65. Kc6 Qxa4+ 66. Kxb6 Qxc4 67. Kc6 a4 68. Nb6 Qe4+ 69. Kb5 a3 0-1

[Event "January 2 Late 2024"]
[Site "https://www.chess.com"]
[Date "2024.01.02"]
[Round "3"]
[White "Bhavikatti, Neil"]
[Black "TheCavemanChess"]
[Result "0-1"]
[Board "95"]
[TimeControl "180+1"]
[WhiteFideId "30935024"]
[WhiteElo "2464"]
[BlackElo "2666"]
[WhiteTeam "USA"]
[WhiteClock "0:00:00"]
[BlackClock "0:00:17"]

1. d4 Nf6 2. c4 c5 3. d5 e6 4. Nc3 exd5 5. cxd5 d6 6. e4 g6 7. Nf3 Bg7 8. h3 O-O 9. Bd3 a6 10. a4 Re8 11. O-O c4 12. Bc2 Nbd7 13. Be3 Nc5 14. Bxc5 dxc5 15. e5 Nd7 16. e6 fxe6 17. dxe6 Rxe6 18. Qd5 Qe7 19. a5 Ne5 20. Nxe5 Bxe5 21. Qxc4 Kh8 22. Bb3 Bd7 23. Rad1 Rd6 24. Nd5 Qg7 25. Nb6 Bb5 26. Qxc5 Rad8 27. Rfe1 Bd4 28. Qc2 h5 29. Bc4 Bc6 30. Bd3 Rf8 31. Rd2 Qf6 32. Ree2 Bxg2 33. Kxg2 Qf3+ 34. Kh2 Qf4+ 35. Kg2 Rdf6 36. Nd5 Qg5+ 37. Kh2 Qxd5 38. Be4 Qe5+ 39. Kg2 Qg5+ 40. Kf1 Be5 41. Bg2 Bb8 42. Qc4 Ba7 43. Qe4 Kg7 44. Rd7+ Kh6 45. Rdd2 Qc5 46. Qc2 Qb5 47. Qc1 Rxf2+ 48. Ke1 Rxe2+ 49. Rxe2+ Kh7 50. Qc7+ Kh6 51. Qc1+ Kg7 52. Re7+ Rf7 53. Qc3+ Kf8 54. Rxf7+ Kxf7 55. Qc7+ Kf6 56. Qd6+ Kf5 57. Qf8+ Kg5 58. Qe7+ Kf4 59. Qf6+ Qf5 60. Qh4+ Ke3 61. Qg3+ Kd4 62. Qd6+ Kc4 63. Bf1+ Kb3 0-1

[Event "January 2 Late 2024"]
[Site "https://www.chess.com"]
[Date "2024.01.02"]
[Round "3"]
[White "Banzea, Alexandru-Bogdan"]
[Black "Lopusiewicz, Piotr"]
[Result "1-0"]
[Board "96"]
[TimeControl "180+1"]
[WhiteFideId "1232622"]
[BlackFideId "1116029"]
[WhiteElo "2664"]
[BlackElo "2462"]
[WhiteTeam "ROU"]
[BlackTeam "POL"]
[WhiteClock "0:00:03"]
[BlackClock "0:00:09"]

1. d4 Nf6 2. Nc3 d5 3. Bf4 c5 4. e3 cxd4 5. exd4 a6 6. Bd3 Nc6 7. Nge2 e6 8. O-O Bd6 9. Qd2 O-O 10. a3 Re8 11. Rfe1 Ne7 12. Ng3 Ng6 13. Bxg6 hxg6 14. Nce2 Qc7 15. Bxd6 Qxd6 16. Qf4 Qxf4 17. Nxf4 Bd7 18. Nd3 Rec8 19. c3 b6 20. f3 a5 21. Kf2 Bb5 22. Ne5 Ne8 23. h4 Nd6 24. Rh1 Be8 25. Rae1 f6 26. Nd3 Kf7 27. Nf4 Bd7 28. Re2 Rh8 29. Rhe1 Rxh4 30. Nxd5 Rb8 31. Nc7 Nf5 32. Nxf5 gxf5 33. Nxe6 Bb5 34. Re3 g5 35. Nc7 Bc4 36. Re7+ Kg6 37. Rd7 Rh7 38. Rxh7 Kxh7 39. Re7+ Kg6 40. Rd7 f4 41. d5 Kf5 42. d6 Ke5 43. b4 axb4 44. axb4 Bb3 45. Nb5 Ba4 46. Re7+ Kd5 47. Nd4 Kxd6 48. Rf7 Ke5 49. Re7+ Kd6 50. Re6+ Kd7 51. Rxf6 Rc8 52. Rxb6 Rxc3 53. Rg6 Rd3 54. Nf5 Rd2+ 55. Kg1 Bc2 56. Rxg5 Rd1+ 57. Kh2 Rd5 58. Rg7+ Ke6 59. Nh4 Rh5 60. Rg4 Bd3 61. Rxf4 Ke5 62. Rg4 Bf5 63. Rc4 Be6 64. Rc5+ Kf4 65. Rxh5 Bh3 66. Kxh3 1-0